[Event "Team 45 45 League T48"]
[Site "Internet Chess Club"]
[Date "2011.02.24"]
[Round "3"]
[White "farbror"]
[Black "Cicero"]
[Result "1-0"]
[WhiteElo "1300"]
[BlackElo "1372"]
[Opening "Queen's bishop game"]
[ECO "D02"]
[Time "15:17:37"]
[TimeControl "2700+45"]

1. d4 d5 2. Nf3 Nf6 3. Bf4 Nc6 4. e3 b6 5. Bd3 Bb7 6. Nbd2 e6 7. O-O Nh5 8. Bg3
Nxg3 9. fxg3 Bd6 10. c3 Qe7 11. e4 Qd7 12. e5 Be7 13. Qe2 a5 14. Rf2 O-O 15.
Raf1 f6 16. exf6 Rxf6 17. Ne5 Qd8 18. Rxf6 Bxf6 19. Qh5 g6 20. Bxg6 Qe7 21. Rxf6
Nxe5 22. dxe5 Rf8 23. Bxh7+ Kg7 24. Qh6+ Kh8 25. Rxf8+ Qxf8 26. Qxf8+ {Black
resigns} 1-0

[Event "Team 45 45 League T48"]
[Site "Internet Chess Club"]
[Date "2011.02.28"]
[Round "3"]
[White "tamky70"]
[Black "AlPearson"]
[Result "1-0"]
[WhiteElo "1373"]
[BlackElo "1398"]
[Opening "Alekhine's defense: exchange variation"]
[ECO "B03"]
[Time "20:05:02"]
[TimeControl "2700+45"]

1. e4 Nf6 2. e5 Nd5 3. d4 d6 4. c4 Nb6 5. exd6 cxd6 6. Nf3 Bg4 7. Be3 Nc6 8. Be2
g6 9. Nbd2 Bg7 10. Nh4 Bxe2 11. Qxe2 Nxd4 12. Bxd4 Bxd4 13. Rb1 O-O 14. O-O e6
15. Nhf3 Bg7 16. b3 d5 17. Rbd1 dxc4 18. Nxc4 Qc7 19. Nfe5 Nxc4 20. Nxc4 b5 21.
Nd6 a6 22. Qe4 Rfd8 23. Qb7 Qxb7 24. Nxb7 Rxd1 25. Rxd1 Rc8 26. Rd8+ Rxd8 27.
Nxd8 Kf8 28. a4 bxa4 29. bxa4 Be5 30. Nc6 Bc7 31. h3 Ke8 32. Kf1 Kd7 33. Nd4 Kd6
34. Ke2 Kd5 35. Kd3 Bb6 36. Nb3 Bxf2 37. g4 f5 38. gxf5 exf5 39. Nd2 f4 40. Nf3
h6 41. Nh2 h5 42. Nf3 Kc5 43. Kc3 Kb6 44. Kc4 Ka5 45. Kb3 Bc5 46. Ne5 g5 47.
Nc4# {Black checkmated} 1-0

[Event "Team 45 45 League T48"]
[Site "Internet Chess Club"]
[Date "2011.02.27"]
[Round "3"]
[White "AtomicDog"]
[Black "Traho"]
[Result "1-0"]
[WhiteElo "1413"]
[BlackElo "1131"]
[Opening "Caro-Kann: advance variation"]
[ECO "B12"]
[Time "14:00:25"]
[TimeControl "2700+45"]

1. e4 c6 2. d4 d5 3. e5 c5 4. dxc5 Nc6 5. Bb5 e6 6. Be3 a6 7. Ba4 Bd7 8. Bxc6
Bxc6 9. Qd4 Ne7 10. Nf3 Nf5 11. Qf4 Nxe3 12. fxe3 Bxc5 13. Nd4 Bxd4 14. exd4 O-O
15. Nc3 f5 16. exf6 Qxf6 17. Qxf6 Rxf6 18. O-O-O Raf8 19. Rhe1 Be8 20. Re5 Bd7
21. Rde1 Rf1 22. Kd2 R1f2+ 23. R1e2 Rxe2+ 24. Kxe2 Rf5 25. Rxf5 exf5 26. Nxd5
Kf7 27. Nb6 Bc6 28. d5 Be8 29. c4 Kf6 30. c5 Ke5 31. Kd3 Bb5+ 32. Kc3 f4 33. a4
Be8 34. b4 g5 35. Nc4+ Ke4 36. Nd6+ Ke5 37. Nxe8 Kxd5 38. Nf6+ Kc6 39. Nxh7 g4
40. Nf6 f3 41. gxf3 gxf3 42. Ne4 b6 43. cxb6 Kxb6 44. Nf2 a5 45. bxa5+ Kxa5 46.
Kb3 Kb6 47. h4 {Black resigns} 1-0

[Event "Team 45 45 League T48"]
[Site "Internet Chess Club"]
[Date "2011.02.27"]
[Round "3"]
[White "zigzag2002"]
[Black "ars-felidae"]
[Result "1-0"]
[WhiteElo "1806"]
[BlackElo "1446"]
[Opening "Sicilian: Alapin's variation (2.c3)"]
[ECO "B22"]
[Time "11:00:23"]
[TimeControl "2700+45"]

1. e4 c5 2. c3 Nc6 3. d4 e6 4. Nf3 d5 5. exd5 exd5 6. Be3 cxd4 7. cxd4 Bb4+ 8.
Nc3 Nf6 9. a3 Bxc3+ 10. bxc3 Ne4 11. Rc1 Qa5 12. Qb3 O-O 13. Be2 Be6 14. O-O Qc7
15. Qc2 Ne7 16. Nd2 f5 17. f3 Nxd2 18. Qxd2 Rf6 19. Bg5 Rg6 20. g3 Rxg5 21. Qxg5
h6 22. Qe3 Qd6 23. Rfe1 f4 24. Qf2 Ng6 25. Bd3 fxg3 26. hxg3 Bh3 27. Bxg6 Qxg6
28. g4 h5 29. Kh2 hxg4 30. Qg3 Qd3 31. fxg4 Qxg3+ 32. Kxg3 Bxg4 33. Kxg4 {Black
resigns} 1-0

[Event "Team 45 45 League T48"]
[Site "Internet Chess Club"]
[Date "2011.02.26"]
[Round "3"]
[White "smsxman"]
[Black "cys456"]
[Result "1-0"]
[WhiteElo "1455"]
[BlackElo "1476"]
[Opening "Sicilian defense"]
[ECO "B30"]
[Time "13:02:26"]
[TimeControl "2700+45"]

1. e4 c5 2. Nf3 Nc6 3. Bc4 a6 4. Nc3 b5 5. Be2 g6 6. d4 cxd4 7. Nxd4 Bb7 8. O-O
Bg7 9. Be3 d6 10. Bf3 e5 11. Nb3 Nf6 12. Nd5 h6 13. Bb6 Qd7 14. Nc7+ Ke7 15.
Nxa8 Rxa8 16. Be3 Kf8 17. a4 Na7 18. axb5 Nxb5 19. c4 Nc7 20. c5 d5 21. exd5
Ncxd5 22. Bxd5 Qxd5 23. Qxd5 Nxd5 24. Rfd1 Nxe3 25. fxe3 f5 26. Na5 Be4 27. c6
Rc8 28. Rac1 Kf7 29. Rd7+ Kf8 30. c7 Bf6 31. Rcd1 Ke8 32. R1d6 Be7 33. Rd1 Bg5
34. Kf2 Be7 35. Nc4 Bc6 36. Nd6+ Bxd6 37. R7xd6 Rxc7 38. Rxg6 Be4 39. Rd2 {Black
resigns} 1-0

[Event "Team 45 45 League T48"]
[Site "Internet Chess Club"]
[Date "2011.02.27"]
[Round "3"]
[White "tyler66"]
[Black "joaoazm"]
[Result "1-0"]
[WhiteElo "1490"]
[BlackElo "1158"]
[Opening "Scotch: Lolli variation"]
[ECO "C44"]
[Time "19:00:18"]
[TimeControl "2700+45"]

1. e4 e5 2. Nf3 Nc6 3. d4 Nxd4 4. Nxd4 exd4 5. Qxd4 d6 6. Nc3 Nf6 7. Bg5 Be7 8.
Bc4 h6 9. Bf4 O-O 10. O-O c5 11. Qd2 a6 12. a4 Be6 13. Bxe6 fxe6 14. e5 dxe5 15.
Qxd8 Raxd8 16. Bxe5 Nd5 17. Rfe1 Nxc3 18. Bxc3 Bf6 19. Rxe6 Bxc3 20. bxc3 Rfe8
21. Rxe8+ Rxe8 22. Rc1 b6 23. f3 g5 24. Kf2 Kf7 25. Rb1 Re6 26. Re1 Rxe1 27.
Kxe1 Ke6 28. Ke2 Ke5 29. Ke3 a5 30. c4 Kf5 31. g3 g4 32. c3 gxf3 33. Kxf3 h5 34.
h3 Kg5 35. g4 hxg4+ 36. hxg4 Kf6 37. Kf4 Kg6 38. g5 Kg7 39. Kf5 Kf8 40. Kf6 Kg8
41. Ke6 Kg7 42. Kd6 Kg6 43. Kc6 Kxg5 44. Kxb6 Kf5 45. Kxa5 Ke5 46. Kb6 Kd6 47.
a5 {Black resigns} 1-0

[Event "Team 45 45 League T48"]
[Site "Internet Chess Club"]
[Date "2011.02.27"]
[Round "3"]
[White "Gunter"]
[Black "joshq03"]
[Result "0-1"]
[WhiteElo "1139"]
[BlackElo "1197"]
[Opening "Giuoco Piano"]
[ECO "C54"]
[Time "10:00:27"]
[TimeControl "2700+45"]

1. e4 e5 2. Nf3 Nc6 3. Bc4 Bc5 4. c3 Nf6 5. d3 d6 6. O-O O-O 7. Bg5 Be6 8. Bxe6
fxe6 9. d4 exd4 10. cxd4 Bb6 11. Nc3 Qe8 12. Re1 Qg6 13. Be3 Nxe4 14. Nxe4 Qxe4
15. Bg5 Qf5 16. Be3 Rae8 17. Qb3 d5 18. Bd2 Nxd4 19. Nxd4 Bxd4 20. Be3 Bxe3 21.
Rxe3 Qxf2+ 22. Kh1 Qf1+ {White resigns} 0-1

[Event "Team 45 45 League T48"]
[Site "Internet Chess Club"]
[Date "2011.02.27"]
[Round "3"]
[White "oldsj"]
[Black "Xanther"]
[Result "1-0"]
[WhiteElo "1631"]
[BlackElo "1465"]
[Opening "French: exchange variation"]
[ECO "C01"]
[Time "17:00:40"]
[TimeControl "2700+45"]

1. e4 e6 2. d4 d5 3. exd5 exd5 4. c4 dxc4 5. Bxc4 Nf6 6. Qb3 Qe7+ 7. Be3 Qb4+ 8.
Nc3 Qxb3 9. Bxb3 Bb4 10. O-O-O O-O 11. h3 Bxc3 12. bxc3 b5 13. g4 a5 14. Nf3 a4
15. Bc2 Bb7 16. g5 Ne8 17. d5 Nd6 18. Ne5 Re8 19. f4 Ra6 20. Bc5 Ra8 21. Bd3
Bxd5 22. Bxd6 cxd6 23. Bxb5 Bxh1 24. Bxe8 dxe5 25. Rxh1 Kf8 26. Bb5 Ra5 27. c4
exf4 28. Re1 {Black resigns} 1-0

[Event "Team 45 45 League T48"]
[Site "Internet Chess Club"]
[Date "2011.02.27"]
[Round "3"]
[White "Kristian1974"]
[Black "Risto"]
[Result "0-1"]
[WhiteElo "1468"]
[BlackElo "1231"]
[Opening "Catalan: closed, 5.Nf3"]
[ECO "E06"]
[Time "14:00:25"]
[TimeControl "2700+45"]

1. d4 d5 2. c4 e6 3. Nf3 Nf6 4. g3 Be7 5. Bg2 O-O 6. O-O c5 7. cxd5 Nxd5 8. e4
Nb6 9. b3 cxd4 10. Nxd4 Qc7 11. Bb2 Rd8 12. Qg4 e5 13. Nb5 Qc5 14. Qe2 Bd7 15.
N1c3 Kf8 16. a4 a6 17. Na3 Be6 18. Rac1 Qb4 19. Qh5 h6 20. Qxe5 N8d7 21. Qc7
Qxb3 22. Rb1 Bxa3 23. Bxa3+ Qxa3 24. Rfd1 Rac8 25. Qxb7 Rxc3 26. Rxb6 Qxa4 27.
Rxa6 Qxd1+ 28. Bf1 Rc1 29. Qb4+ Nc5 30. Kg2 Qxf1+ 31. Kf3 Qd1+ 32. Kf4 Kg8 33.
f3 {White resigns} 0-1

[Event "Team 45 45 League T48"]
[Site "Internet Chess Club"]
[Date "2011.02.26"]
[Round "3"]
[White "stan-beers"]
[Black "IanT"]
[Result "1-0"]
[WhiteElo "1439"]
[BlackElo "1398"]
[Opening "Inverted Hungarian"]
[ECO "C44"]
[Time "20:00:33"]
[TimeControl "2700+45"]

1. e4 e5 2. Nf3 Nc6 3. Be2 Nf6 4. d3 Bc5 5. O-O O-O 6. Nbd2 d6 7. a4 Be6 8. Ng5
Qd7 9. Nxe6 Qxe6 10. Nb3 Bd4 11. c3 Bc5 12. Nxc5 dxc5 13. Be3 b6 14. f4 Rad8 15.
f5 Qe7 16. Qc2 a5 17. Bg5 h6 18. Bh4 Rd6 19. Rf3 Rfd8 20. Rg3 c4 21. Rd1 cxd3
22. Rdxd3 Rxd3 23. Bxd3 Qc5+ 24. Kh1 Qe7 25. Qd2 Kh7 26. Qe2 Rg8 27. h3 g6 28.
Bxf6 Qxf6 29. Bc4 Rg7 30. fxg6+ Rxg6 31. Rf3 Qg5 32. Rxf7+ Rg7 33. Rxg7+ Qxg7
34. Be6 Qf6 35. Bf5+ Kh8 36. Qh5 {Black resigns} 1-0

[Event "Team 45 45 League T48"]
[Site "Internet Chess Club"]
[Date "2011.02.25"]
[Round "3"]
[White "chips"]
[Black "Fogbound"]
[Result "1-0"]
[WhiteElo "1243"]
[BlackElo "1268"]
[Opening "Réti: King's Indian attack (Barcza system)"]
[ECO "A07"]
[Time "15:15:38"]
[TimeControl "2700+45"]

1. Nf3 d5 2. g3 Bg4 3. Bg2 Nc6 4. O-O Qd7 5. a3 Bh3 6. d3 Bxg2 7. Kxg2 f6 8.
Nbd2 e5 9. c4 h5 10. cxd5 Qxd5 11. Qb3 Qxb3 12. Nxb3 O-O-O 13. Be3 Nh6 14. Bc5
Nf5 15. Bxf8 Rhxf8 16. Nc5 Rfe8 17. b4 Ncd4 18. Nxd4 Nxd4 19. Ra2 Nf5 20. h4 g5
21. hxg5 Rg8 22. gxf6 Nh4+ 23. Kh3 Rd6 24. Ne4 Rd4 25. gxh4 Rf8 26. Rg1 Rxe4 27.
dxe4 Rxf6 28. Rg8+ Kd7 29. Rd2+ Kc6 30. f3 Kb5 31. Rg5 Re6 32. Rd5+ Ka4 33.
Rdxe5 Rc6 34. Rg2 Kxa3 35. Rxh5 Kxb4 36. e5 Re6 37. f4 Kc4 38. Kg4 Kd4 39. Kf5
Rb6 40. Rh8 Rb5 41. h5 Ke3 42. h6 a5 43. h7 a4 44. Ra8 Rxe5+ 45. fxe5 b5 46.
h8=Q c6 47. Rxa4 {Black resigns} 1-0

[Event "Team 45 45 League T48"]
[Site "Internet Chess Club"]
[Date "2011.02.26"]
[Round "3"]
[White "The-Capitalist"]
[Black "JimGaming"]
[Result "1-0"]
[WhiteElo "1454"]
[BlackElo "1236"]
[Opening "Sicilian: Labourdonnais-Löwenthal variation"]
[ECO "B32"]
[Time "21:00:29"]
[TimeControl "2700+45"]

1. e4 c5 2. Nf3 Nc6 3. d4 cxd4 4. Nxd4 e5 5. Nb5 Bb4+ 6. N1c3 d6 7. a3 Bc5 8.
Bg5 Nf6 9. Nd5 O-O 10. Nxf6+ gxf6 11. Bh6 Re8 12. Bc4 Be6 13. Bxe6 f5 14. Bxf5
Bxf2+ 15. Kxf2 Qh4+ 16. g3 Qxh6 17. Nc7 Kh8 18. Nxe8 Nd4 19. Nc7 Nxf5 20. exf5
Rd8 21. Nd5 Qg5 22. Rf1 Qxf5+ 23. Kg2 Qe4+ 24. Qf3 Qxc2+ 25. Rf2 Qg6 26. Raf1
Rf8 27. Ne7 Qe6 28. Qxb7 f6 29. Qxa7 Rf7 30. Qa8+ Kg7 31. Qg8+ Kh6 32. Nf5+ Kh5
33. g4# {Black checkmated} 1-0

[Event "Team 45 45 League T48"]
[Site "Internet Chess Club"]
[Date "2011.02.26"]
[Round "3"]
[White "farbror"]
[Black "kingsrook"]
[Result "0-1"]
[WhiteElo "1281"]
[BlackElo "1253"]
[Opening "Queen's bishop game"]
[ECO "D02"]
[Time "15:00:35"]
[TimeControl "2700+45"]

1. d4 d5 2. Nf3 Nf6 3. Bf4 Bf5 4. e3 e6 5. Bd3 Bg6 6. O-O Bd6 7. Bg3 O-O 8. Ne5
Bh5 9. Qd2 Ne4 10. Bxe4 dxe4 11. Nc3 f6 12. Nc4 Bxg3 13. fxg3 Bg6 14. Rad1 b5
15. Nxb5 a6 16. Nc3 c6 17. Ne2 Bh5 18. Nf4 Bf7 19. g4 e5 20. dxe5 Qxd2 21. Nxd2
fxe5 22. Nh3 Bg6 23. Rxf8+ Kxf8 24. Ng5 Nd7 25. Ndxe4 Nf6 26. Nxf6 gxf6 27. Rf1
Ke7 28. Nf3 h6 29. c3 Rd8 30. Rf2 Rd1+ 31. Rf1 Rd3 32. Kf2 Be4 33. Ke2 Rd5 34.
Nh4 Bd3+ 35. Kf2 Bxf1 36. Kxf1 Ke6 37. Nf5 Rd2 38. Nxh6 Rxb2 39. h4 Rxa2 40. Nf5
Rb2 41. h5 Rb8 42. h6 Rh8 43. Ke2 c5 44. Kd3 a5 45. c4 a4 46. Kc3 Rb8 47. h7 a3
48. Kc2 a2 49. Nh6 a1=Q 50. Ng8 Qb2+ 51. Kd3 Rd8+ 52. Ke4 Qc2+ {White resigns}
0-1

[Event "Team 45 45 League T48"]
[Site "Internet Chess Club"]
[Date "2011.02.28"]
[Round "3"]
[White "Tyndale"]
[Black "MeansToAnEnd"]
[Result "0-1"]
[WhiteElo "1043"]
[BlackElo "1186"]
[Opening "Ruy Lopez: Berlin defense, 4.O-O, d6"]
[ECO "C66"]
[Time "20:03:45"]
[TimeControl "2700+45"]

1. e4 e5 2. Nf3 Nc6 3. Bb5 d6 4. O-O Nf6 5. Re1 Bd7 6. Bxc6 Bxc6 7. d4 exd4 8.
Bg5 Be7 9. Nbd2 O-O 10. Nxd4 Qd7 11. Nf5 h6 12. Bxf6 Bxf6 13. Qg4 Bxb2 14. Nc4
Bxa1 15. Rxa1 f6 16. Na5 Kh7 17. Rb1 g6 18. Nxc6 Qxc6 19. Ne7 Qe8 20. Qxg6+ Qxg6
21. Nxg6 Kxg6 22. Rxb7 c5 23. Rd7 Rab8 24. h3 Rb6 25. Kh2 a6 26. f3 Kg5 27. Rg7+
Kf4 28. Rg6 h5 29. Rh6 Kg5 30. Rh7 Rb2 31. Kg3 Rxc2 32. Rg7+ Kh6 33. Rd7 Rg8+
34. Kf4 Rd2 35. Kf5 Rgxg2 36. Kxf6 Rg6+ 37. Kf5 Rxa2 38. h4 c4 39. Rd8 c3 40. e5
dxe5 41. Kxe5 c2 42. Rc8 a5 43. f4 Rg2 44. Kf6 Rg6+ 45. Kf5 Rb2 46. Ke5 Rb5+ 47.
Ke4 Re6+ 48. Kd3 Rb2 49. f5 Re1 50. Rh8+ Kg7 51. Rxh5 c1=Q 52. f6+ Kxf6 53. Rxa5
Qe3+ 54. Kc4 Rc1+ 55. Kd5 Rd2# {White checkmated} 0-1

[Event "Team 45 45 League T48"]
[Site "Internet Chess Club"]
[Date "2011.02.27"]
[Round "3"]
[White "baseball613"]
[Black "radiohead"]
[Result "0-1"]
[WhiteElo "1397"]
[BlackElo "1402"]
[Opening "Queen's bishop game"]
[ECO "D02"]
[Time "08:01:14"]
[TimeControl "2700+45"]

1. d4 d5 2. Nf3 Nf6 3. Bf4 Bf5 4. e3 e6 5. h3 c5 6. c4 h6 7. Nc3 Nc6 8. Be2 Bd6
9. Bxd6 Qxd6 10. Nb5 Qe7 11. Qb3 a6 12. Nc3 cxd4 13. Nxd4 Nxd4 14. exd4 O-O 15.
cxd5 exd5 16. Nxd5 Nxd5 17. Qxd5 Qb4+ 18. Kf1 Qxb2 19. Rd1 Be6 20. Qf3 Bxa2 21.
Qe3 Rfe8 22. Qd3 Bd5 23. Bf3 Bxf3 24. Qxf3 Rad8 25. d5 Rd6 26. g3 Red8 27. Kg2
Qa2 28. Rhe1 Rxd5 29. Rxd5 Qxd5 30. Qxd5 Rxd5 31. Re8+ Kh7 32. Rb8 b5 33. Ra8
Rd6 34. Kf3 Rb6 35. Ke3 b4 36. Kd3 b3 {White resigns} 0-1

[Event "Team 45 45 League T48"]
[Site "Internet Chess Club"]
[Date "2011.02.26"]
[Round "3"]
[White "Cicero"]
[Black "iwin2"]
[Result "1-0"]
[WhiteElo "1381"]
[BlackElo "1200"]
[Opening "Sicilian defense"]
[ECO "B20"]
[Time "15:03:29"]
[TimeControl "2700+45"]

1. e4 c5 2. Na3 g6 3. c3 Bg7 4. Nf3 Nc6 5. Bb5 Nf6 6. e5 Ng4 7. Ng5 Ngxe5 8. Nc2
e6 9. Nf3 O-O 10. O-O a6 11. Be2 d5 12. d4 cxd4 13. Ncxd4 Nxd4 14. Nxd4 Nc6 15.
Nf3 e5 16. Re1 d4 17. cxd4 exd4 18. Bd3 Bg4 19. h3 Bf5 20. Bxf5 gxf5 21. Bg5 Qd7
22. Qd2 Rfe8 23. Bh6 Bh8 24. Qg5+ Bg7 25. Qxg7# {Black checkmated} 1-0

[Event "Team 45 45 League T48"]
[Site "Internet Chess Club"]
[Date "2011.02.27"]
[Round "3"]
[White "lawth3"]
[Black "Nosaj"]
[Result "0-1"]
[WhiteElo "1217"]
[BlackElo "1348"]
[Opening "Queen's gambit declined"]
[ECO "D30"]
[Time "09:54:34"]
[TimeControl "2700+45"]

1. d4 e6 2. c4 d5 3. Nf3 c5 4. cxd5 exd5 5. e3 Nf6 6. Bd3 c4 7. Bc2 Bb4+ 8. Bd2
a5 9. b3 Qc7 10. O-O c3 11. a3 Bxa3 12. Rxa3 cxd2 13. Qxd2 Ng4 14. h3 Nf6 15.
Rc1 Qd6 16. Rxa5 Rxa5 17. Qxa5 Nc6 18. Qb5 O-O 19. Nc3 Na7 20. Qc5 Qa6 21. Qxd5
Nxd5 {White resigns} 0-1

[Event "Team 45 45 League T48"]
[Site "Internet Chess Club"]
[Date "2011.02.27"]
[Round "3"]
[White "Graybeard"]
[Black "iceface"]
[Result "0-1"]
[WhiteElo "1083"]
[BlackElo "1387"]
[Opening "Scotch gambit: Dubois-Réti defense"]
[ECO "C55"]
[Time "18:50:39"]
[TimeControl "2700+45"]

1. e4 e5 2. Nf3 Nc6 3. d4 exd4 4. Bc4 Nf6 5. e5 Bb4+ 6. Bd2 Bxd2+ 7. Nbxd2 Qe7
8. Qe2 Ng8 9. O-O d6 10. exd6 Qxe2 11. Bxe2 cxd6 12. Rfe1 Nge7 13. Bb5 O-O 14.
Ne4 d5 15. Nd6 Rd8 16. Bxc6 Nxc6 17. Re8+ Rxe8 18. Nxe8 a6 19. Nc7 Rb8 20. Nxd5
Bf5 21. Rc1 Rd8 22. c4 Be4 23. Ng5 Bf5 24. Re1 Kf8 25. h3 h6 26. Nf3 Bd3 27. b3
Bc2 28. Nd2 Re8 29. Rxe8+ Kxe8 30. a3 Ne7 31. Nxe7 Kxe7 32. Kf1 Ke6 33. b4 Ke5
34. f3 d3 35. g3 Kd4 36. Kf2 Kc3 37. Ke3 Bd1 38. f4 f5 39. c5 g5 40. fxg5 hxg5
41. h4 gxh4 42. gxh4 f4+ 43. Kxf4 Kxd2 44. Kg5 Kc2 45. h5 Bxh5 46. Kxh5 d2
{White resigns} 0-1

[Event "Team 45 45 League T48"]
[Site "Internet Chess Club"]
[Date "2011.02.25"]
[Round "3"]
[White "Packerfan"]
[Black "tourettes"]
[Result "1-0"]
[WhiteElo "1807"]
[BlackElo "1474"]
[Opening "French: Albin-Alekhine-Châtard attack, Spielmann variation"]
[ECO "C13"]
[Time "14:23:00"]
[TimeControl "2700+45"]

1. e4 e6 2. d4 d5 3. Nc3 Nf6 4. Bg5 Be7 5. e5 Nfd7 6. h4 O-O 7. Qg4 c5 8. Bh6 g6
9. Bxf8 Bxf8 10. h5 f5 11. exf6 Nxf6 12. Qg5 h6 13. Qxg6+ Kh8 14. Bd3 cxd4 15.
Nb5 Bg7 16. Nf3 Nc6 17. O-O-O e5 18. Nfxd4 exd4 19. Rde1 Bd7 20. Nd6 Qf8 21.
Nf7+ Kg8 22. Nxh6+ Kh8 23. Nf5 Be8 24. Qxg7+ Qxg7 25. Nxg7 Kxg7 26. h6+ Kh8 27.
f3 Nb4 28. Bf5 Bb5 29. Re7 d3 30. a3 Nxc2 31. Kd2 Nd4 32. Bxd3 Be8 33. Ke3 Nc6
34. Rxb7 Bd7 35. g4 Re8+ 36. Kf2 Bc8 37. Rc7 Ne5 38. Bb1 Rf8 39. Kg3 Nxf3 40.
Rxc8 Rxc8 41. Kxf3 Rf8 42. Bf5 Ne4 43. Kf4 Nf2 44. Rh2 Nd3+ 45. Ke3 Ne5 46. Rc2
Nf7 47. Rc6 Ne5 48. Rc8 Rxc8 49. Bxc8 Nc4+ 50. Kd4 Kh7 51. g5 Nd6 52. Be6 Kg6
53. Kxd5 Ne8 54. Bf5+ Kf7 55. h7 Kg7 56. g6 Nc7+ 57. Kc6 Na6 {Black resigns} 1-0

[Event "Team 45 45 League T48"]
[Site "Internet Chess Club"]
[Date "2011.02.25"]
[Round "3"]
[White "Monsieur"]
[Black "montgomerydvd"]
[Result "1-0"]
[WhiteElo "1568"]
[BlackElo "1573"]
[Opening "Queen's pawn game, Darooha variation "]
[ECO "D02"]
[Time "20:00:29"]
[TimeControl "2700+45"]

1. d4 d5 2. Nf3 Nf6 3. Nc3 e6 4. Bg5 Be7 5. Bxf6 Bxf6 6. e4 dxe4 7. Nxe4 Nd7 8.
Bd3 O-O 9. c3 b6 10. Qe2 Bb7 11. O-O-O Qe7 12. Rdg1 a5 13. h4 c5 14. dxc5 Nxc5
15. Nxf6+ Qxf6 16. Ng5 Nxd3+ 17. Qxd3 g6 18. Qg3 b5 19. h5 h6 20. f4 hxg5 21.
fxg5 e5 22. gxf6 {Black resigns} 1-0

[Event "Team 45 45 League T48"]
[Site "Internet Chess Club"]
[Date "2011.02.28"]
[Round "3"]
[White "crankn8tr"]
[Black "mongmong"]
[Result "1/2-1/2"]
[WhiteElo "1477"]
[BlackElo "1630"]
[Opening "French: Winawer (Nimzovich) variation"]
[ECO "C15"]
[Time "22:05:04"]
[TimeControl "2700+45"]

1. e4 e6 2. d4 d5 3. Nc3 Bb4 4. exd5 exd5 5. Nf3 Ne7 6. a3 Bxc3+ 7. bxc3 O-O 8.
Bd3 Bf5 9. O-O Nbc6 10. Re1 Bxd3 11. cxd3 Re8 12. Ne5 f6 13. Ng4 Qd7 14. Ne3 Nf5
15. Qb3 Nxe3 16. Rxe3 Rxe3 17. Bxe3 Na5 18. Qc2 b5 19. Re1 Re8 20. Kf1 Nb7 21.
Qd2 a6 22. Bf4 c6 23. h3 Rxe1+ 24. Qxe1 Kf7 25. Qe2 g6 26. Ke1 Qe6 27. Kd2 Qxe2+
28. Kxe2 Nd8 29. Bd6 Ne6 30. g3 h5 31. Kd2 Ke8 32. Kc2 Kd7 33. Bb4 Ng5 34. h4
Nf7 35. f4 Ke6 36. Kd2 Kf5 37. Ke2 Kg4 38. Kf2 g5 39. fxg5 fxg5 40. hxg5 Nxg5
41. Bd6 Nf7 42. Bc7 Nh6 43. Kg2 Nf5 44. Kf2 h4 45. gxh4 Nxh4 46. Ke2 Ng2 47. Kf2
Nh4 48. Ke2 Nf3 49. Kf2 Nd2 50. Bd6 Nb1 51. Bb4 Nd2 52. Ke2 Nb3 53. Bd6 a5 54.
Ke3 a4 55. Bb4 Na1 56. Kd2 Kf3 57. c4 Nb3+ 58. Kc3 Ke2 59. cxd5 cxd5 60. Bc5 Nd2
61. Kb4 Kxd3 62. Kxb5 Nf3 63. Kxa4 Nxd4 64. Bxd4 Kxd4 65. Kb5 Ke3 66. a4 d4 67.
a5 d3 68. a6 d2 69. a7 d1=Q 70. a8=Q Qb3+ 71. Kc6 Qe6+ 72. Kc7 Qe5+ 73. Kd7 Qg7+
74. Kd6 Qf6+ 75. Kd7 Qf5+ 76. Kd6 Qf4+ 77. Kd7 Qd4+ 78. Kc7 Qg7+ 79. Kd6 Qg3+
80. Kd7 Qf3 81. Qxf3+ Kxf3 {Game drawn because neither player has mating
material} 1/2-1/2

[Event "Team 45 45 League T48"]
[Site "Internet Chess Club"]
[Date "2011.02.27"]
[Round "3"]
[White "Ivio"]
[Black "heartbreakkid"]
[Result "1-0"]
[WhiteElo "1824"]
[BlackElo "1750"]
[Opening "Nimzo-Indian: Sämisch variation"]
[ECO "E24"]
[Time "15:02:08"]
[TimeControl "2700+45"]

1. d4 Nf6 2. c4 e6 3. Nc3 Bb4 4. a3 Bxc3+ 5. bxc3 c5 6. Qc2 d5 7. cxd5 cxd4 8.
cxd4 exd5 9. e3 O-O 10. Nf3 Nc6 11. Bd3 Bg4 12. Be2 Re8 13. O-O Rc8 14. Qd1 Na5
15. h3 Bf5 16. Nh4 Bc2 17. Qe1 Nb3 18. Bd2 Nxd2 19. Qxd2 Ne4 20. Qb4 Qxh4 21.
Qxb7 Nd2 22. Rfc1 Rb8 23. Qc6 Rec8 24. Qxd5 Nb3 25. Rxc2 Nxa1 26. Rxc8+ Rxc8 27.
Bc4 Qf6 28. Qb7 Qc6 29. Qxf7+ Kh8 30. Bd3 Qd6 31. Qxa7 Rc1+ 32. Bf1 g6 33. Qa8+
Kg7 34. Qb7+ Rc7 35. Qb2 Nc2 36. a4 Qb4 37. Qa2 Na3 38. Qd5 Rc2 39. a5 Qd2 40.
Qe5+ Kf7 41. Qf4+ Ke7 42. a6 Qa5 43. Qe4+ Kf7 44. d5 Rd2 45. Qe6+ Kg7 46. Qe7+
Kh6 47. a7 Rd1 48. Qf8+ Kg5 49. a8=Q Qd2 50. Qad8+ {Black resigns} 1-0

[Event "Team 45 45 League T48"]
[Site "Internet Chess Club"]
[Date "2011.02.24"]
[Round "3"]
[White "Buford-Julep"]
[Black "Berke"]
[Result "1-0"]
[WhiteElo "1633"]
[BlackElo "1538"]
[Opening "Caro-Kann: two knights, 3...Bg4"]
[ECO "B10"]
[Time "10:00:13"]
[TimeControl "2700+45"]

1. e4 c6 2. Nf3 d5 3. Nc3 Bg4 4. h3 Bxf3 5. Qxf3 e6 6. d4 Nf6 7. e5 Nfd7 8. Be2
Bb4 9. a3 Ba5 10. b4 Bb6 11. Be3 a5 12. O-O O-O 13. Qg3 f6 14. Bh6 Qe7 15. Be3
fxe5 16. dxe5 d4 17. Bg5 Qe8 18. Ne4 Rf5 19. Nd6 Rxg5 20. Qxg5 Qf8 21. Bd3 axb4
22. axb4 Rxa1 23. Rxa1 Na6 24. Qh5 Nxb4 25. Qxh7# {Black checkmated} 1-0

[Event "Team 45 45 League T48"]
[Site "Internet Chess Club"]
[Date "2011.03.01"]
[Round "3"]
[White "SirIvanhoe"]
[Black "milesotoole"]
[Result "1/2-1/2"]
[WhiteElo "1447"]
[BlackElo "1436"]
[Opening "Sicilian: closed, 6.Be3"]
[ECO "B26"]
[Time "19:03:01"]
[TimeControl "2700+45"]

1. e4 c5 2. Nc3 g6 3. g3 Bg7 4. Bg2 Nc6 5. d3 d6 6. Be3 Nf6 7. h3 O-O 8. Qd2 Nd4
9. Nce2 e5 10. c3 Nc6 11. f4 b6 12. Nf3 Re8 13. fxe5 dxe5 14. O-O-O Be6 15. a3
Bb3 16. Rdg1 Qc7 17. Bh6 Red8 18. Bxg7 Kxg7 19. g4 Nxe4 20. Qe3 Nf6 21. Nh4 Rd7
22. Nf5+ Kf8 23. Qh6+ Ke8 24. Qg7 gxf5 25. Qxf6 Rc8 26. gxf5 Rxd3 27. Bxc6+ Qxc6
28. Qxe5+ Kf8 29. Qh8+ Ke7 30. Qxh7 Rcd8 31. Re1 Qxh1 32. Qh4+ Kf8 33. Qh8+ Ke7
34. Qh4+ Kf8 35. Qh8+ Ke7 36. Qh4+ {Game drawn by repetition} 1/2-1/2

[Event "Team 45 45 League T48"]
[Site "Internet Chess Club"]
[Date "2011.02.26"]
[Round "3"]
[White "medsurg"]
[Black "browndeer"]
[Result "0-1"]
[WhiteElo "1301"]
[BlackElo "1217"]
[Opening "Ruy Lopez: 5.O-O"]
[ECO "C78"]
[Time "17:00:36"]
[TimeControl "2700+45"]

1. e4 e5 2. Nf3 Nc6 3. Bb5 a6 4. Ba4 Nf6 5. O-O b5 6. Bb3 Bc5 7. d3 d6 8. a4 Rb8
9. Bg5 Qe7 10. c3 b4 11. d4 exd4 12. cxd4 Bb6 13. Re1 O-O 14. e5 dxe5 15. dxe5
Bxf2+ 16. Kxf2 Qc5+ 17. Be3 Ng4+ 18. Kg3 Nxe3 19. Qd3 Nf5+ 20. Kh3 Rd8 21. Qc4
{White resigns} 0-1

[Event "Team 45 45 League T48"]
[Site "Internet Chess Club"]
[Date "2011.02.26"]
[Round "3"]
[White "kingsleywang"]
[Black "dabodhi"]
[Result "0-1"]
[WhiteElo "1240"]
[BlackElo "1222"]
[Opening "Scandinavian defense"]
[ECO "B01"]
[Time "20:03:41"]
[TimeControl "2700+45"]

1. e4 d5 2. exd5 Nf6 3. Nc3 Nxd5 4. Nxd5 Qxd5 5. Nf3 Nc6 6. Bd3 Bg4 7. Be2 e5 8.
Ng5 Bf5 9. O-O O-O-O 10. d3 h6 11. Bf3 Qd7 12. Ne4 Nd4 13. Nc5 Bxc5 14. Be3 Rhe8
15. c3 Nxf3+ 16. Qxf3 Bxe3 17. Qxe3 Kb8 18. Rad1 e4 19. d4 Qa4 20. Qf4 Bg6 21.
a3 Re7 22. Qh4 Rde8 23. Rfe1 a6 24. f3 f5 25. Qg3 Bh7 26. Rd2 exf3 27. Rxe7 Rxe7
28. Qxf3 Re1+ 29. Kf2 Qe8 30. Rd1 Rxd1 31. Qxd1 Qe4 32. Qd2 Qh4+ 33. Kg1 f4 34.
Qe2 Bf5 35. Qe8+ Ka7 36. Qe7 Qxe7 {White resigns} 0-1